[Event "Titled Tuesday Blitz June 15 2021"]
[White "Abdusattorov, Nodirbek"]
[Black "RestartingChess"]
[WhiteFideId "14204118"]
[WhiteElo "2662"]
[BlackElo "2502"]
[Result "1-0"]
[Round "01"]
[TimeControl "180+1"]
[Date "2021.06.15"]
[WhiteClock "0:02:27"]
[BlackClock "0:01:53"]

1. e4 Nf6 2. e5 Nd5 3. d4 d6 4. c4 Nb6 5. f4 g6 6. Nc3 Bg7 7. Be3 O-O 8. Nf3 Na6 9. Be2 c5 10. d5 dxe5 11. Nxe5 Bf5 12. O-O Nd7 13. Nd3 b6 14. Qd2 Nf6 15. Bf3 Ne8 16. Ne5 Nd6 17. b3 Nb8 18. Rae1 f6 19. Nc6 Nxc6 20. dxc6 Rc8 21. g4 Be6 22. Bxc5 Bxc4 23. Bxd6 Bxf1 24. Bd5+ e6 25. Bxe6+ Kh8 26. Bxc8 Qxc8 27. Bxf8 Qxg4+ 28. Kxf1 Bxf8 29. Re8 Kg7 30. Qd7+ Kh6 31. Qxg4 1-0


[Site "https://www.chess.com"]

[Event "Titled Tuesday Blitz June 15 2021"]
[White "Aldokhin, Ivan"]
[Black "Perez Ponsa, Federico"]
[WhiteFideId "24115720"]
[BlackFideId "117927"]
[WhiteElo "2306"]
[BlackElo "2672"]
[Result "0-1"]
[Round "01"]
[TimeControl "180+1"]
[Date "2021.06.15"]
[WhiteClock "0:00:05"]
[BlackClock "0:00:25"]

1. e4 c5 2. Nf3 d6 3. d4 cxd4 4. Nxd4 Nf6 5. Nc3 a6 6. Bc4 e6 7. Bb3 Nbd7 8. Qe2 Nc5 9. Bg5 Be7 10. h4 h6 11. Bd2 Qc7 12. O-O-O b5 13. f3 b4 14. Na4 Bd7 15. Nxc5 dxc5 16. Nf5 exf5 17. e5 Bb5 18. Qe1 c4 19. exf6 gxf6 20. Bxb4 cxb3 21. axb3 Kf8 22. Bxe7+ Qxe7 23. Qg3 Qe5 24. f4 Qc5 25. h5 Rc8 26. c4 Bc6 27. Rhe1 Be4 28. Qc3 Kg7 29. g4 Rhe8 30. g5 hxg5 31. Rg1 g4 32. h6+ Kg6 33. h7 Qf2 34. Rde1 Qxf4+ 35. Re3 Bf3 36. Re1 Rxe3 37. Rxe3 Re8 38. Kb1 Rxe3 39. h8=Q Be4+ 40. Ka2 Rxc3 41. Qg8+ Kh5 42. Qxf7+ Kh4 43. Qh7+ Kg3 44. bxc3 Qd2+ 45. Ka3 Qxc3 46. Qc7+ f4 47. Qd6 Qa1+ 48. Kb4 a5+ 49. Kb5 Qe5+ 50. Qxe5 fxe5 51. c5 f3 52. c6 Bxc6+ 53. Kxc6 f2 54. Kd6 f1=Q 0-1


[Site "https://www.chess.com"]

[Event "Titled Tuesday Blitz June 15 2021"]
[White "Alekseenko, Kirill"]
[Black "Florescu, Codrut-Constantin"]
[WhiteFideId "4135539"]
[BlackFideId "1202200"]
[WhiteElo "2580"]
[BlackElo "2243"]
[Result "1-0"]
[Round "01"]
[TimeControl "180+1"]
[Date "2021.06.15"]
[WhiteClock "0:01:19"]
[BlackClock "0:01:11"]

1. d4 Nf6 2. Nc3 d5 3. Bf4 a6 4. e3 Bf5 5. f3 h5 6. Bd3 Bxd3 7. Qxd3 e6 8. Nge2 c5 9. e4 c4 10. Qe3 Be7 11. O-O Nc6 12. Bg5 b5 13. e5 Nd7 14. Bxe7 Qxe7 15. f4 g6 16. Kh1 Nb6 17. Ng1 O-O-O 18. Nf3 b4 19. Ne2 Kb7 20. c3 Rb8 21. Ng5 Rhc8 22. g3 a5 23. h3 Ka6 24. b3 bxc3 25. Nxc3 Nb4 26. Rac1 Qd7 27. Kh2 Rc7 28. a3 Nd3 29. Rc2 Ka7 30. bxc4 dxc4 31. Rb1 Nd5 32. Nxd5 exd5 33. Rxb8 Kxb8 34. e6 fxe6 35. Nxe6 Rb7 36. Nc5 Nxc5 37. dxc5 Rb3 38. Qe5+ Ka7 39. Rd2 Rd3 40. Re2 c3 41. Qf6 Rd2 42. Qb6+ Ka8 43. Rxd2 cxd2 44. Qxa5+ Kb7 45. Qxd2 d4 46. Qb4+ Kc6 47. Qa4+ Kc7 48. Qxd7+ Kxd7 49. Kg2 Kc6 50. Kf2 Kxc5 51. Ke2 Kc4 52. Kd2 d3 53. a4 h4 54. gxh4 Kd4 55. a5 1-0


[Site "https://www.chess.com"]

[Event "Titled Tuesday Blitz June 15 2021"]
[White "Andreikin, Dmitry"]
[Black "Marra, Eduardo da Costa"]
[WhiteFideId "4158814"]
[BlackFideId "2106990"]
[WhiteElo "2782"]
[BlackElo "2262"]
[Result "1-0"]
[Round "01"]
[TimeControl "180+1"]
[Date "2021.06.15"]
[WhiteClock "0:01:18"]
[BlackClock "0:00:29"]

1. d4 Nf6 2. Bg5 d5 3. Nd2 c6 4. e3 Bf5 5. c4 e6 6. Ngf3 Nbd7 7. Be2 h6 8. Bf4 Be7 9. Qb3 Qb6 10. c5 Qxb3 11. axb3 a6 12. b4 Rc8 13. h3 Ne4 14. Nb3 Bd8 15. Na5 Bxa5 16. bxa5 f6 17. Ra3 e5 18. Bh2 Ra8 19. b4 exd4 20. Nxd4 Bg6 21. h4 h5 22. f3 Nexc5 23. bxc5 Nxc5 24. Kf2 Kd7 25. Rc1 Ne6 26. Nxe6 Kxe6 27. Rb3 Ra7 28. Rb6 Kd7 29. Rd1 Kc8 30. Rd4 Re8 31. Rb3 Re7 32. Rc3 Kd7 33. e4 Bf7 34. exd5 Bxd5 35. Bc4 Ra8 36. Bxd5 cxd5 37. Rxd5+ Ke6 38. Rxh5 Rd8 39. Rhc5 Rd2+ 40. Kg3 Ra2 41. Re3+ Kf7 42. Rxe7+ Kxe7 43. Rc7+ Ke6 44. Rxg7 1-0


[Site "https://www.chess.com"]

[Event "Titled Tuesday Blitz June 15 2021"]
[White "Arias, Juan Cruz"]
[Black "Svane, Rasmus"]
[WhiteFideId "118540"]
[BlackFideId "4657101"]
[WhiteElo "2083"]
[BlackElo "2669"]
[Result "0-1"]
[Round "01"]
[TimeControl "180+1"]
[Date "2021.06.15"]
[WhiteClock "0:00:08"]
[BlackClock "0:00:52"]

1. e4 c6 2. d4 d5 3. exd5 cxd5 4. Bf4 Nc6 5. c3 Bf5 6. Nd2 e6 7. Ngf3 Bd6 8. Bxd6 Qxd6 9. Be2 Nf6 10. O-O h6 11. Nb3 O-O 12. Re1 Rab8 13. Bf1 Qc7 14. a3 Rfc8 15. Nc5 Nd7 16. Nd3 Bg4 17. h3 Bh5 18. Be2 Re8 19. Qd2 Na5 20. Qd1 Nc4 21. Nd2 Bxe2 22. Qxe2 Nd6 23. Rac1 Rbc8 24. Nf3 a5 25. Nfe5 Nxe5 26. Nxe5 Nc4 27. Nd3 b6 28. Ra1 Nd6 29. Rac1 Re7 30. Qe3 Nc4 31. Qe2 Rce8 32. Qf3 Nd6 33. Qe2 Qc6 34. Ne5 Qb7 35. Nd3 Ne4 36. f3 Nd6 37. Qd2 Nc4 38. Qe2 Qc7 39. Kh1 Nd6 40. Qf2 Rb8 41. Kg1 Ree8 42. Qg3 Qe7 43. Qf4 Rbc8 44. Re2 Nc4 45. Rce1 Qd7 46. Qc1 Re7 47. Qd1 Rce8 48. Qc1 Qc7 49. Qf4 Qc6 50. h4 Qb5 51. g4 Nxa3 52. Ne5 Nc4 53. g5 Nxe5 54. dxe5 h5 55. g6 fxg6 56. Qg5 Qd3 57. Rg2 Kh7 58. Re3 Qb1+ 59. Kh2 b5 60. f4 Qf5 61. Reg3 Rf8 62. Qxg6+ Qxg6 63. Rxg6 Rxf4 64. R6g5 Rxh4+ 65. Kg3 Rg4+ 66. Rxg4 hxg4 67. Kxg4 Rf7 68. Rh2+ Kg8 69. Re2 Rf5 70. b3 Kf7 71. Ra2 Rxe5 72. Rxa5 Re3 73. Rxb5 Rxc3 74. Kg5 Rg3+ 75. Kf4 Rg1 76. Ke5 Re1+ 77. Kd6 d4 78. Rb4 e5 79. Kd5 d3 0-1


[Site "https://www.chess.com"]

[Event "Titled Tuesday Blitz June 15 2021"]
[White "Caputcuoglu, Zeki Berke"]
[Black "Moskalenko, Alexander"]
[WhiteFideId "34548610"]
[BlackFideId "4155351"]
[WhiteElo "1368"]
[BlackElo "2495"]
[Result "0-1"]
[Round "01"]
[TimeControl "180+1"]
[Date "2021.06.15"]
[WhiteClock "0:00:02"]
[BlackClock "0:00:09"]

1. e4 c6 2. d4 d5 3. e5 c5 4. dxc5 e6 5. a3 a6 6. Nf3 Bxc5 7. b4 Ba7 8. Bb2 Nc6 9. Bd3 Nge7 10. O-O Ng6 11. Re1 Qb6 12. Qd2 O-O 13. Nc3 Nd4 14. Nxd4 Qxd4 15. Nb5 Qxf2+ 16. Qxf2 Bxf2+ 17. Kxf2 axb5 18. Bxb5 Rd8 19. Bd4 Bd7 20. Bxd7 Rxd7 21. a4 Rc7 22. c3 Ne7 23. b5 Nf5 24. a5 h5 25. Re2 Rc4 26. Rd2 g5 27. a6 bxa6 28. bxa6 Kh7 29. a7 Nxd4 30. cxd4 Kg6 31. Ke3 Rc7 32. Rda2 Rc3+ 33. Kd2 Rc7 34. Ke3 Rb7 35. Ra3 h4 36. g4 hxg3 37. hxg3 Kf5 38. Kf3 g4+ 39. Ke3 Kg5 40. R1a2 Rb1 41. Kf2 f5 42. exf6 Kxf6 43. Re2 Rb7 44. Ra6 Re7 45. Rea2 Kf5 46. Ke3 Kg5 47. R2a5 Rf7 48. Rxe6 Rf3+ 49. Ke2 Rxg3 50. Rxd5+ Kf4 51. Rde5 Rg2+ 52. Kd3 Ra2 53. Rf6+ Kg3 54. Rg5 Ra3+ 55. Ke4 R3xa7 56. Rfg6 Re8+ 57. Kd3 Ra3+ 58. Kc4 Ra4+ 59. Kd5 Rd8+ 60. Ke4 Rdxd4+ 61. Ke3 Re4+ 62. Kd2 Rad4+ 63. Kc3 Kf3 64. Rf5+ Rf4 65. Rh5 g3 66. Rh1 Kf2 67. Rh3 g2 68. Rhg3 Rc4+ 69. Kd3 Rfd4# 0-1


[Site "https://www.chess.com"]

[Event "Titled Tuesday Blitz June 15 2021"]
[White "Chigaev, Maksim"]
[Black "Fernandez Hernandez, Arturo A."]
[WhiteFideId "4108116"]
[BlackFideId "3509230"]
[WhiteElo "2646"]
[BlackElo "2400"]
[Result "1-0"]
[Round "01"]
[TimeControl "180+1"]
[Date "2021.06.15"]
[WhiteClock "0:01:42"]
[BlackClock "0:00:15"]

1. d4 Nf6 2. Nf3 g6 3. g3 Bg7 4. Bg2 O-O 5. O-O d6 6. Nc3 c6 7. e4 Qc7 8. h3 Nbd7 9. Re1 e5 10. Bg5 h6 11. Be3 Re8 12. Qd2 Kh7 13. Rad1 b5 14. a3 a6 15. dxe5 dxe5 16. Qd6 Qxd6 17. Rxd6 Bb7 18. Red1 Re7 19. Nd2 Ne8 20. Rd3 Nf8 21. Nb3 Ne6 22. Nc5 Bc8 23. Ne2 Bf8 24. f4 f6 25. f5 Nxc5 26. Bxc5 Rf7 27. Bxf8 Rxf8 28. g4 Ra7 29. Nc1 h5 30. Nb3 Rg7 31. Kf2 hxg4 32. hxg4 gxf5 33. gxf5 Nc7 34. Nc5 Kg8 35. b4 Kf7 36. Rd6 Ke7 37. Rxc6 Rfg8 38. Rxc7+ 1-0


[Site "https://www.chess.com"]

[Event "Titled Tuesday Blitz June 15 2021"]
[White "Denishev, Marat"]
[Black "Xiong, Jeffery"]
[WhiteFideId "24131563"]
[BlackFideId "2047640"]
[WhiteElo "2132"]
[BlackElo "2724"]
[Result "0-1"]
[Round "01"]
[TimeControl "180+1"]
[Date "2021.06.15"]
[WhiteClock "0:00:01"]
[BlackClock "0:00:32"]

1. d4 Nf6 2. c4 e6 3. Nf3 d5 4. g3 dxc4 5. Bg2 a6 6. a4 Nc6 7. O-O Bd7 8. Nc3 Be7 9. e4 O-O 10. Qe2 Na5 11. Bg5 Nb3 12. Rad1 b6 13. Qxc4 Na5 14. Qd3 h6 15. Bc1 Bc6 16. Rfe1 Bb7 17. h4 Re8 18. Bf4 Nd7 19. h5 Nc6 20. g4 Nb4 21. Qd2 c5 22. d5 exd5 23. exd5 Bf6 24. g5 hxg5 25. Nxg5 Nf8 26. Nce4 Bd4 27. d6 Nd5 28. Bg3 Qd7 29. Bh3 Qxa4 30. Qe2 Qc6 31. Qg4 Nf6 32. Qf5 Bc8 33. Nxf6+ Bxf6 34. d7 Bxd7 35. Rxe8 Bxf5 36. Rxa8 Bxh3 0-1


[Site "https://www.chess.com"]

[Event "Titled Tuesday Blitz June 15 2021"]
[White "Devaev, Alexander"]
[Black "Sjugirov, Sanan"]
[WhiteFideId "4169395"]
[BlackFideId "4189302"]
[WhiteElo "2185"]
[BlackElo "2472"]
[Result "1-0"]
[Round "01"]
[TimeControl "180+1"]
[Date "2021.06.15"]
[WhiteClock "0:00:06"]
[BlackClock "0:00:02"]

1. d4 Nf6 2. c4 c5 3. d5 e6 4. Nc3 exd5 5. cxd5 d6 6. e4 g6 7. Nf3 Bg7 8. h3 O-O 9. Bd3 Nbd7 10. O-O a6 11. a4 Nh5 12. Re1 Ne5 13. Be2 Nxf3+ 14. Bxf3 Nf6 15. Bf4 Re8 16. Qd2 Ra7 17. a5 b5 18. axb6 Qxb6 19. e5 dxe5 20. Rxe5 Rxe5 21. Bxe5 Ne4 22. Bxe4 Bxe5 23. Re1 Re7 24. Re2 Bd7 25. Bd3 Bd6 26. Rxe7 Bxe7 27. Bc4 Bf5 28. b3 a5 29. Ne2 Kg7 30. Ng3 Bd7 31. Ne4 Bf6 32. Nxf6 Qxf6 33. Qxa5 Qd4 34. Qe1 Bf5 35. Qe3 1-0


[Site "https://www.chess.com"]

[Event "Titled Tuesday Blitz June 15 2021"]
[White "Donskov, Anatoly"]
[Black "Kamsky, Gata"]
[WhiteFideId "24143413"]
[BlackFideId "2000024"]
[WhiteElo "2221"]
[BlackElo "2644"]
[Result "1/2-1/2"]
[Round "01"]
[TimeControl "180+1"]
[Date "2021.06.15"]
[WhiteClock "0:00:18"]
[BlackClock "0:00:57"]

1. e4 c5 2. Nf3 e6 3. d4 cxd4 4. Nxd4 a6 5. c4 b6 6. Nc3 Bb7 7. Bd3 d6 8. O-O Nd7 9. Qe2 g6 10. Nf3 Ngf6 11. h3 Qc7 12. Bf4 Nh5 13. Bh2 Be7 14. Rfd1 O-O 15. Rac1 Rac8 16. b3 Rfd8 17. Bb1 Qb8 18. Nd2 Bg5 19. g3 Be7 20. g4 Ng7 21. f4 Ba8 22. Nf3 Qb7 23. Nd4 e5 24. Nd5 Bf8 25. fxe5 Nxe5 26. Qe3 Ne8 27. Nf3 Qb8 28. Rf1 Bxd5 29. exd5 Bg7 30. Nxe5 Bxe5 31. Bxe5 dxe5 32. Qh6 Qc7 33. Rf5 f6 34. Rf2 Qg7 35. Qxg7+ Kxg7 36. Re1 b5 37. Bd3 bxc4 38. bxc4 Nd6 39. g5 fxg5 40. Rxe5 Kh6 41. Re7 a5 42. Rf6 g4 43. h4 Nxc4 44. Bxc4 Rxc4 45. Rff7 Rh8 46. d6 Rcc8 47. d7 Rcd8 48. Kg2 g5 49. h5 Kxh5 50. Rxh7+ Rxh7 51. Rxh7+ Kg6 52. Re7 Kf6 53. Rh7 Ke6 54. Kg3 Rxd7 55. Rxd7 Kxd7 56. Kxg4 Kc6 57. Kxg5 Kc5 58. Kf4 Kb4 59. Ke3 Ka3 60. Kd2 Kxa2 61. Kc1 a4 62. Kc2 a3 63. Kc1 Kb3 64. Kb1 a2+ 65. Ka1 Ka3 1/2-1/2


[Site "https://www.chess.com"]

[Event "Titled Tuesday Blitz June 15 2021"]
[White "Grochal, Joey"]
[Black "Kollars, Dmitrij"]
[WhiteFideId "1019945"]
[BlackFideId "12909572"]
[WhiteElo "2265"]
[BlackElo "2576"]
[Result "0-1"]
[Round "01"]
[TimeControl "180+1"]
[Date "2021.06.15"]
[WhiteClock "0:00:02"]
[BlackClock "0:00:07"]

1. d4 Nf6 2. c4 g6 3. Nc3 Bg7 4. e4 O-O 5. Nf3 d6 6. Be2 e5 7. d5 a5 8. Bg5 h6 9. Bh4 Qe8 10. O-O Na6 11. Nd2 Nh7 12. a3 Bd7 13. b3 h5 14. f3 Bh6 15. Rb1 Be3+ 16. Kh1 f5 17. b4 axb4 18. axb4 g5 19. Bf2 Bxf2 20. Rxf2 f4 21. c5 dxc5 22. Bxa6 Rxa6 23. bxc5 g4 24. Rxb7 g3 25. Re2 Qd8 26. Nf1 Rg6 27. Reb2 gxh2 28. Rb8 Qg5 29. Rxf8+ Nxf8 30. Nxh2 h4 31. d6 cxd6 32. cxd6 h3 33. Qf1 Qg3 34. Nd5 Kg7 35. Ne7 Rxd6 36. Nf5+ Bxf5 37. exf5 Rh6 38. Kg1 Nh7 39. Ng4 Rd6 40. Qc1 Ng5 41. Qc7+ Nf7 42. Qc1 e4 43. f6+ Kg6 44. Qb1 Kg5 45. Rb5+ Kh4 46. Rb2 Ng5 47. Qf1 Nxf3+ 48. Kh1 hxg2+ 49. Rxg2 Qh3+ 50. Nh2 Nxh2 51. Rg4+ Nxg4+ 52. Qxh3+ Kxh3 53. f7 Rd1# 0-1


[Site "https://www.chess.com"]

[Event "Titled Tuesday Blitz June 15 2021"]
[White "Howell, David W L"]
[Black "Odegov, Artem"]
[WhiteFideId "410608"]
[BlackFideId "34183644"]
[WhiteElo "2643"]
[BlackElo "2297"]
[Result "1-0"]
[Round "01"]
[TimeControl "180+1"]
[Date "2021.06.15"]
[WhiteClock "0:00:09"]
[BlackClock "0:00:07"]

1. b3 Nf6 2. Bb2 g6 3. d4 Bg7 4. Nf3 O-O 5. e3 d5 6. c4 c6 7. Nc3 Bf5 8. Be2 Nbd7 9. O-O Ne4 10. Rc1 e6 11. Nxe4 dxe4 12. Nd2 h5 13. c5 Qg5 14. Kh1 Rfd8 15. Qe1 e5 16. Nc4 exd4 17. Bxd4 Bxd4 18. exd4 Nf6 19. Nd6 Rd7 20. Bc4 Rad8 21. Qe3 Qh4 22. b4 Ng4 23. Qf4 Be6 24. Bxe6 fxe6 25. h3 Rf8 26. Qxe4 Rg7 27. Kg1 Rh7 28. Qxg6+ Kh8 29. Rc2 Rg7 30. Qxe6 Nf6 31. Kh1 Nd5 32. Nf5 Rxf5 33. Qxf5 Nf4 34. g3 Qxh3+ 35. Qxh3 Nxh3 36. Re2 h4 37. Kh2 Ng5 38. Re3 hxg3+ 39. fxg3 Rh7+ 40. Kg2 Rg7 41. Rh1+ Kg8 42. Rf1 Rd7 43. Rf4 Nf7 44. Rg4+ Kf8 45. Rf3 a6 46. Rgf4 Ke8 47. Rxf7 Rxf7 48. Rxf7 Kxf7 49. Kf3 Kg6 50. Ke4 Kf6 51. g4 Kg5 52. Kf3 a5 53. bxa5 1-0


[Site "https://www.chess.com"]

[Event "Titled Tuesday Blitz June 15 2021"]
[White "Indjic, Aleksandar"]
[Black "Babiy, Olga"]
[WhiteFideId "911925"]
[BlackFideId "14117258"]
[WhiteElo "2643"]
[BlackElo "2213"]
[Result "0-1"]
[Round "01"]
[TimeControl "180+1"]
[Date "2021.06.15"]
[WhiteClock "0:00:08"]
[BlackClock "0:00:13"]

1. c4 d6 2. Nc3 e5 3. g3 f5 4. Bg2 Nf6 5. d3 Be7 6. e3 O-O 7. Nge2 c6 8. e4 a5 9. O-O Na6 10. b3 Nc5 11. h3 Qe8 12. exf5 Bxf5 13. d4 Nce4 14. Be3 Nxc3 15. Nxc3 Rd8 16. Qd2 Qh5 17. Qd1 Bg4 18. hxg4 Nxg4 19. Re1 Bg5 20. Qd2 Bxe3 21. Rxe3 Rxf2 22. Qxf2 Nxf2 23. Kxf2 exd4 24. Rf3 dxc3 25. Rc1 Qc5+ 26. Kf1 Qa3 27. Rc2 d5 28. cxd5 cxd5 29. Rfxc3 d4 30. Rd3 Qf8+ 31. Kg1 Qe7 32. Rcd2 Qe1+ 33. Kh2 Qe5 34. Bf3 b5 35. Kg2 h5 36. Re2 Qg5 37. Re4 Qg6 38. Rd2 Qg5 39. Rf4 h4 40. Bg4 hxg3 41. Kxg3 Qe5 42. Rd3 g5 43. Be6+ Kg7 44. Kg2 gxf4 0-1


[Site "https://www.chess.com"]

[Event "Titled Tuesday Blitz June 15 2021"]
[White "Jobava, Baadur"]
[Black "Manukyan, Sargis A."]
[WhiteFideId "13601520"]
[BlackFideId "13303970"]
[WhiteElo "2748"]
[BlackElo "2187"]
[Result "1-0"]
[Round "01"]
[TimeControl "180+1"]
[Date "2021.06.15"]
[WhiteClock "0:02:19"]
[BlackClock "0:00:36"]

1. d4 e6 2. e4 d5 3. Nc3 Bb4 4. Ne2 dxe4 5. a3 Bxc3+ 6. Nxc3 Nc6 7. d5 exd5 8. Qxd5 Nge7 9. Qxd8+ Nxd8 10. Nxe4 Bf5 11. Bd3 Ne6 12. O-O O-O-O 13. Re1 Bg6 14. Be3 Nc6 15. Rad1 Rhe8 16. f3 Ncd4 17. Kf2 a6 18. h4 f5 19. Ng5 f4 20. Bxd4 Nxd4 21. Rxe8 Bxe8 22. Bxh7 g6 23. c3 Nf5 24. Rxd8+ Kxd8 25. Ne6+ Ke7 26. Nxf4 Nxh4 27. g3 g5 28. Nd5+ Kd6 29. gxh4 Kxd5 30. hxg5 1-0


[Site "https://www.chess.com"]

[Event "Titled Tuesday Blitz June 15 2021"]
[White "Kapitanchuk, Tomas"]
[Black "Quparadze, Giga"]
[WhiteFideId "135046"]
[BlackFideId "13602250"]
[WhiteElo "1955"]
[BlackElo "2658"]
[Result "0-1"]
[Round "01"]
[TimeControl "180+1"]
[Date "2021.06.15"]
[WhiteClock "0:01:05"]
[BlackClock "0:02:18"]

1. e4 c5 2. Nf3 e6 3. d4 cxd4 4. Nxd4 a6 5. c4 Nf6 6. Nc3 Bb4 7. Qd3 d6 8. Be2 Nbd7 9. f3 O-O 10. O-O Qc7 11. a3 Ne5 12. Qc2 Bc5 13. Be3 Nc6 14. Qd2 Nxd4 15. Bxd4 Bd7 16. Rfd1 Bc6 17. b4 Bxd4+ 18. Qxd4 Rfd8 19. Rd2 h6 20. Rad1 Be8 21. c5 dxc5 22. Qxc5 Qxc5+ 23. bxc5 Rdc8 24. e5 Rxc5 25. exf6 Rxc3 26. fxg7 Kxg7 27. Rd3 Rac8 28. Kf2 Ba4 29. R1d2 Rxd3 30. Rxd3 Rc2 31. Ke3 Bb5 32. Rd2 Rxd2 33. Kxd2 Bxe2 34. Kxe2 Kf6 35. Kd3 Ke5 36. g3 Kd5 37. f4 f6 38. g4 b5 39. h4 e5 40. fxe5 Kxe5 41. Ke3 a5 0-1


[Site "https://www.chess.com"]

[Event "Titled Tuesday Blitz June 15 2021"]
[White "Kubicka, Anna"]
[Black "Zubov, Alexander"]
[WhiteFideId "1152254"]
[BlackFideId "14109409"]
[WhiteElo "2010"]
[BlackElo "2740"]
[Result "0-1"]
[Round "01"]
[TimeControl "180+1"]
[Date "2021.06.15"]
[WhiteClock "0:01:27"]
[BlackClock "0:01:09"]

1. e4 e5 2. Nf3 Nc6 3. Bb5 Nf6 4. d3 d6 5. O-O g6 6. h3 Bg7 7. Be3 O-O 8. Nbd2 Nh5 9. Bxc6 bxc6 10. Nc4 Qe8 11. Qd2 f5 12. Bh6 fxe4 13. dxe4 Rxf3 14. Bxg7 Kxg7 15. gxf3 Bxh3 16. Qg5 Qf7 17. Rfd1 Qxc4 18. Qe7+ Qf7 19. Qxf7+ Kxf7 20. c4 c5 21. Rd3 Nf4 22. Ra3 Be6 23. b3 a5 24. Rb1 Ne2+ 25. Kf1 Nd4 26. b4 cxb4 27. Ra4 Bxc4+ 28. Kg2 c5 29. a3 Bb5 0-1


[Site "https://www.chess.com"]

[Event "Titled Tuesday Blitz June 15 2021"]
[White "Nakamura, Hikaru"]
[Black "Popilski, Gil"]
[WhiteFideId "2016192"]
[BlackFideId "2809060"]
[WhiteElo "2900"]
[BlackElo "2537"]
[Result "1/2-1/2"]
[Round "01"]
[TimeControl "180+1"]
[Date "2021.06.15"]
[WhiteClock "0:00:17"]
[BlackClock "0:00:11"]

1. Nf3 d5 2. e3 Nf6 3. c4 e6 4. Nc3 Be7 5. cxd5 exd5 6. d4 O-O 7. Bd3 Re8 8. Ne5 c5 9. O-O Nc6 10. Nxc6 bxc6 11. dxc5 Bxc5 12. Qc2 Bd6 13. h3 c5 14. b3 Bb7 15. Bb2 Rc8 16. Rad1 d4 17. Ne2 Bb8 18. exd4 Qd5 19. f3 cxd4 20. Qd2 Qd6 21. f4 Ne4 22. Bxe4 Rxe4 23. Nxd4 Rce8 24. Rde1 h5 25. Rxe4 Rxe4 26. Nf3 Qxd2 27. Nxd2 Re2 28. Rf2 Rxf2 29. Kxf2 Bxf4 30. Nc4 h4 31. Bd4 a6 32. Be5 Bg5 33. a4 Bd5 34. Bc3 Bf4 35. Na5 Bc7 36. Nc4 Bg3+ 37. Kf1 Bf4 38. Na5 Bc7 39. Nc4 Bf4 40. Bd4 f6 41. Na5 Kf7 42. b4 g5 43. b5 axb5 44. axb5 Ke6 45. Kf2 Bg3+ 46. Kg1 Be1 47. Nc6 f5 48. Nd8+ Ke7 49. Nc6+ Kd6 50. Bf6 g4 51. Nd4 gxh3 52. gxh3 Be4 53. b6 Ba5 54. Bd8 Kd7 55. b7 Bc7 56. Bxc7 Kxc7 57. Kf2 f4 58. Ne6+ Kb8 59. Nc5 Bf5 60. Kg2 f3+ 61. Kxf3 Bxh3 62. Kf4 Bc8 63. bxc8=Q+ Kxc8 64. Ne4 h3 65. Nf2 h2 66. Nh1 Kb7 67. Ke4 Ka8 68. Ke3 Kb8 69. Kf3 Ka8 70. Ke2 Kb8 71. Kf2 Ka8 72. Kg2 Kb8 73. Kxh2 1/2-1/2


[Site "https://www.chess.com"]

[Event "Titled Tuesday Blitz June 15 2021"]
[White "Nguyen, Ngoc Truong Son"]
[Black "Farahat, Ali"]
[WhiteFideId "12401110"]
[BlackFideId "10600507"]
[WhiteElo "2596"]
[BlackElo "2341"]
[Result "1-0"]
[Round "01"]
[TimeControl "180+1"]
[Date "2021.06.15"]
[WhiteClock "0:00:14"]
[BlackClock "0:00:43"]

1. e4 e5 2. Nf3 Nc6 3. Bc4 Bc5 4. c3 Nf6 5. d3 d6 6. Bg5 h6 7. Bh4 g5 8. Bg3 Be6 9. Nbd2 Qd7 10. b4 Bb6 11. a4 a5 12. b5 Ne7 13. Qb3 Ng6 14. Bxe6 Qxe6 15. Qxe6+ fxe6 16. Nc4 Bc5 17. O-O-O Nh5 18. d4 exd4 19. cxd4 Bb4 20. Ne1 Nhf4 21. Bxf4 Nxf4 22. g3 Nh3 23. Rf1 O-O 24. f3 d5 25. exd5 exd5 26. Ne5 Rae8 27. N1d3 Bc3 28. Nc5 Bxd4 29. Rxd4 Rxe5 30. Nd7 Re3 31. Nxf8 Kxf8 32. Rxd5 Ra3 33. Kb2 Rxa4 34. Rd7 Rb4+ 35. Ka3 Rxb5 36. Rxc7 h5 37. Rd1 Ke8 38. Rh7 g4 39. f4 Nf2 40. Rd2 Nh3 41. Re2+ Kd8 42. Ree7 Ng1 43. Reg7 1-0


[Site "https://www.chess.com"]

[Event "Titled Tuesday Blitz June 15 2021"]
[White "Novikov, Evgenij"]
[Black "Oparin, Grigoriy"]
[WhiteFideId "4125380"]
[BlackFideId "24125890"]
[WhiteElo "2242"]
[BlackElo "2628"]
[Result "0-1"]
[Round "01"]
[TimeControl "180+1"]
[Date "2021.06.15"]
[WhiteClock "0:00:03"]
[BlackClock "0:01:47"]

1. Nf3 Nf6 2. d4 g6 3. Bf4 Bg7 4. e3 d6 5. Be2 O-O 6. h3 b6 7. O-O Bb7 8. c4 Nbd7 9. Nc3 e6 10. Bh2 Qe7 11. Qc2 Rfe8 12. Rfd1 a6 13. b4 e5 14. dxe5 dxe5 15. a3 e4 16. Nd2 c5 17. Nb3 cxb4 18. Bd6 Qe6 19. axb4 Ne5 20. c5 Qf5 21. b5 axb5 22. Rxa8 Rxa8 23. Nxb5 Nd3 24. Bg4 Nxg4 25. hxg4 Qxg4 26. c6 Bxc6 27. Rxd3 Bxb5 28. Rd1 Bd3 29. Qd2 h5 30. Nd4 Rd8 31. Bh2 h4 32. Qe1 h3 33. g3 Bxd4 34. exd4 Qf3 0-1


[Site "https://www.chess.com"]

[Event "Titled Tuesday Blitz June 15 2021"]
[White "Nozdrachev, Leonid"]
[Black "Bok, Benjamin"]
[WhiteFideId "24113433"]
[BlackFideId "1017063"]
[WhiteElo "2221"]
[BlackElo "2658"]
[Result "1/2-1/2"]
[Round "01"]
[TimeControl "180+1"]
[Date "2021.06.15"]
[WhiteClock "0:00:21"]
[BlackClock "0:00:21"]

1. e4 c5 2. c3 Nf6 3. e5 Nd5 4. d4 cxd4 5. Nf3 Nc6 6. Bc4 Nb6 7. Bb3 d5 8. exd6 Qxd6 9. O-O Bf5 10. Na3 a6 11. cxd4 e6 12. Be3 Be7 13. Rc1 O-O 14. Ne5 Rac8 15. Nac4 Nxc4 16. Nxc4 Qd8 17. d5 Qxd5 18. Qxd5 exd5 19. Nb6 Rcd8 20. Bxd5 Bf6 21. b3 Nd4 22. Rfe1 Rd6 23. Rc4 Nc2 24. Rxc2 Bxc2 25. Bc5 Rdd8 26. Bxf8 Kxf8 27. Bxb7 a5 28. Nc4 Bc3 29. Rc1 Bg6 30. h4 Bb4 31. a3 Bc5 32. Ne5 Bxa3 33. Nxg6+ hxg6 34. Rc8 Rxc8 35. Bxc8 Bb4 36. Ba6 Ke7 37. Bb5 f5 38. g3 Kf6 39. Kg2 g5 40. hxg5+ Kxg5 41. Kf3 Bc5 42. Ba4 Kf6 43. Bb5 g5 44. g4 fxg4+ 45. Kxg4 Bxf2 46. Ba4 Be3 47. Bb5 Bf4 48. Ba4 Ke5 49. Bb5 Kd4 50. Be8 Kc3 51. Bf7 Kb4 52. Bg8 Kc5 53. Bf7 Kd6 54. Bg8 Ke7 55. Bc4 Kd6 56. Bg8 Kc5 57. Bf7 Kd6 58. Bg8 1/2-1/2


[Site "https://www.chess.com"]

[Event "Titled Tuesday Blitz June 15 2021"]
[White "Paravyan, David"]
[Black "Martin Carmona, Gaston Manuel"]
[WhiteFideId "4194985"]
[BlackFideId "22284567"]
[WhiteElo "2562"]
[BlackElo "2161"]
[Result "1-0"]
[Round "01"]
[TimeControl "180+1"]
[Date "2021.06.15"]
[WhiteClock "0:00:17"]
[BlackClock "0:00:12"]

1. e4 c5 2. Nf3 d6 3. Bb5+ Nd7 4. O-O a6 5. Be2 Ngf6 6. d3 e6 7. Ng5 Be7 8. f4 b5 9. Qe1 Bb7 10. Be3 Qc7 11. Kh1 h6 12. Nf3 O-O 13. Nbd2 c4 14. f5 e5 15. Qg3 Kh8 16. Qh3 Ng8 17. g4 f6 18. Nh4 Kh7 19. Ng6 Rfe8 20. Nf3 d5 21. Nxe7 Rxe7 22. g5 dxe4 23. dxe4 Bxe4 24. gxh6 Nxh6 25. Rg1 Bxf5 26. Qh5 Bxc2 27. Rg4 Rg8 28. Rag1 Qd8 29. Bxh6 gxh6 30. Rxg8 Qxg8 31. Rxg8 Kxg8 32. Qxh6 Rg7 33. Qe3 Bf5 34. b3 cxb3 35. Qxb3+ Be6 36. Qxe6+ 1-0


[Site "https://www.chess.com"]

[Event "Titled Tuesday Blitz June 15 2021"]
[White "Reprintsev, Alexander"]
[Black "Martinez Alcantara, Jose Eduardo"]
[WhiteFideId "14100541"]
[BlackFideId "3805662"]
[WhiteElo "2126"]
[BlackElo "2690"]
[Result "0-1"]
[Round "01"]
[TimeControl "180+1"]
[Date "2021.06.15"]
[WhiteClock "0:01:55"]
[BlackClock "0:01:25"]

1. e4 c5 2. b3 b6 3. d4 cxd4 4. Qxd4 Bb7 5. Nc3 d6 6. Bb2 Nd7 7. O-O-O Ngf6 8. f4 e5 9. fxe5 dxe5 10. Qd2 a6 11. Nf3 Qc7 12. Nd5 Bxd5 13. exd5 Bd6 14. Ng5 h6 15. Ne4 Nxe4 0-1


[Site "https://www.chess.com"]